 Dungeon Crawl Stone Soup version 0.29.0-4-gdea44cf6ec (webtiles) character file.

Game seed: 4665819888796593685

144 qw the Ruffian (level 5, -8/42 HPs)
             Began as a Ghoul Fire Elementalist on Aug 29, 2022.
             Was an Initiate of Okawaru.
             Mangled by an ogre
             ... wielding a +0 giant club
              (20 damage)
             ... on level 4 of the Dungeon.
             The game lasted 00:03:06 (3848 turns).

qw the Ruffian (Ghoul Fire Elementalist)            Turns: 3848, Time: 00:03:06

Health: -8/42      AC: 12    Str: 14    XL:     5   Next: 27%
Magic:  6/6        EV:  6    Int: 10    God:    Okawaru [......]
Gold:   108        SH:  0    Dex:  9    Spells: 6/7 levels left

rFire   . . .      SeeInvis .     - Unarmed
rCold   + . .      Faith    .   (no shield)
rNeg    + + +      Spirit   .   h - +0 chain mail
rPois   inf        Reflect  .   (no helmet)
rElec   .          Harm     .   (no cloak)
rCorr   .          Rampage  .   (no gloves)
Will    .....                   (no boots)
Stlth   ..........              (no amulet)
HPRegen 0.00/turn               e - +4 ring of protection
MPRegen 0.10/turn               (no ring)

@: inhibited regen
A: claws 1, cold resistance 1, negative energy resistance 3, inhibited
regeneration, torment resistance 2, devour on kill
a: Renounce Religion


You were on level 4 of the Dungeon.
You worshipped Okawaru.
Okawaru was noncommittal.
You visited 2 branches of the dungeon, and saw 5 of its levels.

You collected 108 gold pieces.


Innate Abilities, Weirdness & Mutations

You are immune to poison.
You have sharp fingernails.
Your flesh is cold resistant. (rC+)
You are immune to negative energy. (rN+++)
You do not regenerate when monsters are visible.
You are immune to unholy pain and torment.
You thrive by killing the living.


   Skills:
 - Level 2.4 Fighting
 - Level 1.0 Armour
 - Level 1.7 Dodging
 - Level 2.1 Stealth
 + Level 4.1 Unarmed Combat
 - Level 1.7 Spellcasting
 - Level 0.7 Conjurations
 - Level 2.4 Fire Magic


You had 6 spell levels left.
You knew the following spells:

 Your Spells              Type           Power      Damage    Failure   Level
a - Foxfire               Conj/Fire      16%        2x1d4     99%         1

Your spell library contained the following spells:

 Spells                   Type           Power      Damage    Failure   Level
 Scorch                   Fire           10%        2d5       99%         2
 Conjure Flame            Conj/Fire      4%         6-21      100%        3
 Inner Flame              Hex/Fire       3%         N/A       100%        3
 Flame Wave               Conj/Fire      4%         2d5       100%        4

Inventory:

Armour
 h - a +0 chain mail (worn)
Jewellery
 e - a +4 ring of protection (left claw)
Scrolls
 f - a scroll of identify
 j - a scroll of teleportation {unknown}
Potions
 a - a potion of curing
 b - a potion of heal wounds {unknown}
 c - a potion of mutation {unknown}
 d - a potion of haste
 g - a potion of lignification {unknown}
 i - a potion of ambrosia {unknown}

Dungeon Overview and Level Annotations

Branches:
Dungeon (4/15)             Temple (1/1) D:4

Altars:
Dithmenos
Fedhas
Kikubaaqudgha
Okawaru
Qazlal
Sif Muna
Uskayaw
Vehumet
Xom

Shops:
D:2 =(

Portals:
Abyss: D:3

Annotations:
D:3 2 transporters, qw's ghost, amateur TeWr


Message History

Enter note:
Enter note: You barely miss the hobgoblin.
The hobgoblin hits you but does no damage.
You scratch the hobgoblin.
The hobgoblin is lightly wounded.
The hobgoblin hits you but does no damage.
You scratch the hobgoblin but do no damage.
The hobgoblin is lightly wounded.
The hobgoblin hits you but does no damage.
You claw the hobgoblin!
You kill the hobgoblin!
Okawaru accepts your kill.
An ogre comes into view. It is wielding a +0 giant club.
Found a leather armour.
The ogre shouts!
Enter note:
Enter note: You claw the ogre!
The ogre is moderately wounded.
The ogre hits you with a +0 giant club!
You scratch the ogre.
The ogre is heavily wounded.
You scratch the ogre.
The ogre is heavily wounded.
The ogre hits you but does no damage.
You scratch the ogre but do no damage.
The ogre is heavily wounded.
You scratch the ogre.
The ogre is severely wounded.
The ogre hits you with a +0 giant club!!
You scratch the ogre.
The ogre is severely wounded.
The ogre barely misses you.
You barely miss the ogre.
The ogre is severely wounded.
You scratch the ogre but do no damage.
The ogre is severely wounded.
The ogre hits you with a +0 giant club!!
You die...

# .# #.####[.. . # #
.###....#..### ...####
.. .....................
... ..............#..##.
....#............###....
.....#...........# #....
#..............####..#
#..O@..........###..#
##....................
......................#.
......###........###.###
#.###. ##......## #.###
. ## ##......####....
#.....##....####
##....#####.#
#..#......##


You could see an ogre.

Vanquished Creatures
  An iguana (D:4)
  Natasha (D:2)
  2 adders
  2 worms (D:4)
  2 dart slugs
  9 endoplasms
  7 giant cockroaches
  3 hobgoblins
  8 jackals
  A quokka (D:3)
  5 ball pythons
  3 bats
  3 frilled lizards
  5 goblins
  6 kobolds
  5 rats
63 creatures vanquished.

Notes
Turn   | Place    | Note
-------+----------+-------------------------------------------
     0 | D:1      | qw the Ghoul Fire Elementalist began the quest for the Orb.
     0 | D:1      | Reached XP level 1. HP: 14/14 MP: 2/2
     0 | D:1      | 0 ||| qw: Version: 0.1-a-90-g952f4b7
     0 | D:1      | 0 ||| qw: Game counter: 3952
     0 | D:1      | 0 ||| qw: Always use a shield: true
     0 | D:1      | 0 ||| qw: God list: Okawaru
     0 | D:1      | 0 ||| qw: Allow faded altars: false
     0 | D:1      | 0 ||| qw: Do Orc after D:15 true
     0 | D:1      | 0 ||| qw: Do second Lair branch before Depths: true
     0 | D:1      | 0 ||| qw: Lair rune preference: random
     0 | D:1      | 0 ||| qw: Plans: Normal
     0 | D:1      | 0 ||| PLANNING D:1-11
   160 | D:1      | Found a faded altar of an unknown god.
   173 | D:1      | Reached skill level 1 in Unarmed Combat
   262 | D:1      | Reached skill level 1 in Fighting
   262 | D:1      | Reached XP level 2. HP: 23/23 MP: 3/3
   771 | D:1      | 771 ||| Stepping ~*~*~tactically~*~*~ (outnumbered).
   772 | D:1      | 772 ||| Stepping ~*~*~tactically~*~*~ (outnumbered).
   776 | D:1      | 776 ||| Stepping ~*~*~tactically~*~*~ (outnumbered).
   777 | D:1      | 777 ||| Stepping ~*~*~tactically~*~*~ (outnumbered).
   778 | D:1      | 778 ||| Stepping ~*~*~tactically~*~*~ (outnumbered).
   784 | D:1      | Reached skill level 2 in Unarmed Combat
  1289 | D:1      | 1289 ||| UPGRADING to +0 chain mail.
  1299 | D:1      | 1299 ||| DROPPING +0 robe.
  1300 | D:1      | 1300 ||| UPGRADING to +4 ring of protection.
  1301 | D:1      | 1301 ||| READING 2 scrolls labelled ESMUBUJOOT.
  1302 | D:1      | 1302 ||| READING scroll labelled HOECEF UZ KAMOM.
  1303 | D:1      | 1303 ||| DRINKING 2 silvery potions.
  1304 | D:1      | 1304 ||| DROPPING potion of magic.
  1314 | D:2      | Found Ympubb's Jewellery Emporium.
  1324 | D:2      | 1324 ||| SHOPLISTING +4 ring of protection (468 gold, have
                  | 10).
  1324 | D:2      | 1324 ||| SHOPLISTING +6 ring of dexterity (468 gold, have
                  | 10).
  1324 | D:2      | 1324 ||| SHOPLISTING +6 ring of strength (468 gold, have
                  | 10).
  1324 | D:2      | 1324 ||| SHOPLISTING amulet of guardian spirit (390 gold,
                  | have 10).
  1324 | D:2      | 1324 ||| SHOPLISTING ring of Lyfeqex {rElec rN+ Str+6
                  | Dex+4} (813 gold, have 10).
  1324 | D:2      | 1324 ||| SHOPLISTING ring of see invisible (195 gold, have
                  | 10).
  1333 | D:2      | Reached XP level 3. HP: 28/28 MP: 4/4
  1427 | D:2      | 1427 ||| Stepping ~*~*~tactically~*~*~ (stealth).
  1453 | D:2      | 1453 ||| Stepping ~*~*~tactically~*~*~ (stealth).
  1455 | D:2      | 1455 ||| Stepping ~*~*~tactically~*~*~ (stealth).
  1469 | D:2      | 1469 ||| Stepping ~*~*~tactically~*~*~ (stealth).
  1561 | D:2      | Found Upahef's Weapon Emporium.
  1755 | D:2      | Reached skill level 3 in Unarmed Combat
  1852 | D:2      | Noticed Natasha
  1853 | D:2      | 1853 ||| FLEEEEING.
  1854 | D:2      | 1854 ||| FLEEEEING.
  1863 | D:2      | 1863 ||| FLEEEEING.
  1864 | D:2      | 1864 ||| FLEEEEING.
  1865 | D:2      | 1865 ||| FLEEEEING.
  1866 | D:2      | 1866 ||| FLEEEEING.
  1867 | D:2      | 1867 ||| FLEEEEING.
  1868 | D:2      | 1868 ||| FLEEEEING.
  1869 | D:2      | 1869 ||| FLEEEEING.
  1870 | D:2      | 1870 ||| FLEEEEING.
  1871 | D:2      | 1871 ||| FLEEEEING.
  1872 | D:2      | 1872 ||| FLEEEEING.
  1873 | D:2      | 1873 ||| FLEEEEING.
  1874 | D:2      | 1874 ||| FLEEEEING.
  1875 | D:2      | 1875 ||| FLEEEEING.
  1876 | D:2      | 1876 ||| FLEEEEING.
  1877 | D:2      | 1877 ||| FLEEEEING.
  1878 | D:2      | 1878 ||| FLEEEEING.
  1879 | D:2      | 1879 ||| FLEEEEING.
  1885 | D:2      | HP: 6/28 [Natasha (5)]
  1889 | D:2      | Killed Natasha
  1890 | D:2      | Reached XP level 4. HP: 4/35 MP: 5/5
  2462 | D:2      | 2462 ||| READING scroll labelled OXKAUF HAFOADA.
  2463 | D:2      | 2463 ||| READING scroll labelled PESEICVAODU.
  2577 | D:3      | 2577 ||| Stepping ~*~*~tactically~*~*~ (stealth).
  2579 | D:3      | 2579 ||| Stepping ~*~*~tactically~*~*~ (stealth).
  2631 | D:3      | Reached skill level 4 in Unarmed Combat
  2641 | D:3      | Found a hide-covered altar of Uskayaw.
  2723 | D:3      | 2723 ||| Stepping ~*~*~tactically~*~*~ (hiding).
  2727 | D:3      | 2727 ||| Stepping ~*~*~tactically~*~*~ (outnumbered).
  2728 | D:3      | 2728 ||| Stepping ~*~*~tactically~*~*~ (outnumbered).
  2729 | D:3      | 2729 ||| Stepping ~*~*~tactically~*~*~ (outnumbered).
  2768 | D:3      | Noticed an ancient zyme
  2783 | D:3      | Noticed a small abomination
  2783 | D:3      | Noticed a small abomination
  2784 | D:3      | Found a transporter.
  2785 | D:3      | Found a transporter.
  2791 | D:3      | Found a one-way gate to the infinite horrors of the Abyss.
  2791 | D:3      | Noticed qw's ghost (amateur TeWr)
  2792 | D:3      | Noticed a small abomination
  3077 | D:3      | 3077 ||| READING 2 scrolls of identify.
  3077 | D:3      | 3077 ||| IDENTIFYING emerald potion
  3119 | D:4      | Reached XP level 5. HP: 25/42 MP: 6/6
  3458 | D:4      | Found a staircase to the Ecumenical Temple.
  3459 | D:4      | 3459 ||| PLANNING TEMPLE
  3467 | Temple   | Entered the Ecumenical Temple
  3467 | Temple   | Found a transporter.
  3467 | Temple   | Found a transporter.
  3469 | Temple   | Found a transporter.
  3469 | Temple   | Found a transporter.
  3479 | Temple   | 3479 ||| PLANNING D:1-11
  3487 | Temple   | Became a worshipper of Warmaster Okawaru
  3725 | D:4      | Reached skill level 1 in Armour
  3835 | D:4      | Noticed an ogre
  3848 | D:4      | Mangled by an ogre

Levels and vault maps discovered:
D:1:      psy_arrival_conway, layout_basic,
          hellmonk_ecumenical_altar_pennies_from_heaven, grunt_decor_fettered
D:2:      layout_loops_ring, serial_shops, shop,
          nicolae_shop_bloodbath_and_beyond, kennysheep_generic_room_7,
          uniq_natasha
D:3:      layout_rooms, nicolae_uskayaw_murder_on_the_dancefloor,
          gammafunk_ghost_abyssal_escape
D:4:      minmay_general_purpose_star, layout_layer_cave, elyvilon_altar_4,
          lemuel_crystal_altar, minmay_temple_entry_large_hall
Temple:   hellmonk_temple_divided_pantheon

Skill      XL: |  1  2  3  4  5 |
---------------+----------------+-----
Unarmed Combat | 1 2 3 4 |  4.1
Fighting       | 1 2 |  2.4
Armour         | 1 |  1.0
Dodging        | |  1.7
Stealth        | |  2.1
Spellcasting   | |  1.7
Conjurations   | |  0.7
Fire Magic     | |  2.4

Action                   |  1- 3 |  4- 6 || total
-------------------------+-------+-------++-------
Melee: Unarmed           |   131 |   118 ||   249
       Punch             |     3 |     3 ||     6
  Use: Scroll            |     2 |     3 ||     5
       Potion            |     1 |       ||     1
Armor: Robe              |    18 |       ||    18
       Chain mail        |    26 |    60 ||    86
Dodge: Dodged            |    57 |    25 ||    82

Table legend:
 A = Non-vault XP
 B = Vault XP
 C = Vault XP percentage of total XP
 D = Non-vault monster count
 E = Vault monster count
 F = Vault count percentage of total count
                 A         B        C        D         E       F
            +---------+---------+-------+---------+---------+-------
      Total |     170 |      37 |  17.9 |      61 |       2 |   3.2
            +---------+---------+-------+---------+---------+-------
        D:1 |      30 |       0 |   0.0 |      19 |       0 |   0.0
        D:2 |      28 |      37 |  56.9 |      15 |       2 |  11.8
        D:3 |      39 |       0 |   0.0 |      16 |       0 |   0.0
        D:4 |      73 |       0 |   0.0 |      11 |       0 |   0.0
            +---------+---------+-------+---------+---------+-------
